 Dungeon Crawl Stone Soup version 0.18-a0-1225-g5d63bca (webtiles) character file.

87 Duffy the Cudgeler (level 4, -2/23 HPs)
             Began as a Vine Stalker Fighter on Feb 4, 2016.
             Killed by nerve-wracking pain
             ... invoked by an orc priest
              (9 damage)
             ... on level 3 of the Dungeon.
             The game lasted 00:02:18 (2120 turns).

Duffy the Cudgeler (Vine Stalker Fighter)           Turns: 2120, Time: 00:02:18

Health: -2/23      AC:  6    Str: 19    XL:     4   Next: 51%
Magic:  0/5        EV:  7    Int:  9    God:
Gold:   80         SH:  9    Dex: 13    Spells: 0 memorised, 3 levels left

rFire  . . .     SeeInvis .     a - +0 flail
rCold  . . .     Gourm    .     b - +0 scale mail
rNeg   . . .     Faith    .     c - +0 shield
rPois  .         Spirit   +     (no helmet)
rElec  .         Dismiss  .     (no cloak)
rCorr  .         Reflect  .     (no gloves)
SustAt .         Harm     .     (no boots)
MR     .....                    p - amulet of regeneration
Stlth  +.........               j - ring of stealth
                                k - ring of wizardry

@: not resistant to hostile enchantments, very unstealthy
A: fangs 2, regeneration 1, magic shield, antimagic bite, no device heal 3, rot
immunity
a: no special abilities


You were on level 3 of the Dungeon.
You were not hungry.

You visited 1 branch of the dungeon, and saw 3 of its levels.

You collected 80 gold pieces.


Innate Abilities, Weirdness & Mutations

You have extremely sharp teeth.
Your natural rate of healing is unusually fast.
When hurt, damage is shared between your health and your magic reserves.
Your bite disrupts and absorbs the magic of your enemies.
Potions and wands cannot restore your health.
You are immune to rotting.


   Skills:
 - Level 2.6 Fighting
 * Level 3.6 Maces & Flails
 + Level 2.6 Armour
 + Level 3.1 Shields


You had 3 spell levels left.
You didn't know any spells.

Inventory:

Hand Weapons
 a - a +0 flail (weapon)
Armour
 b - a +0 scale mail (worn)
 c - a +0 shield (worn)
 l - a +0 plate armour
Jewellery
 j - a ring of stealth (right hand)
 k - a ring of wizardry (left hand)
 p - an amulet of regeneration (around neck)
Scrolls
 e - a scroll of recharging {unknown}
 h - 5 scrolls of identify {unknown}
 n - 2 scrolls of teleportation {unknown}
 t - a scroll of amnesia {unknown}
Potions
 d - a potion of might
 g - a potion of flight {unknown}
 m - 2 potions of curing {unknown}
 o - a potion of poison {unknown}
 r - a potion of heal wounds {unknown}
Books
 q - a book of Maledictions
Comestibles
 f - 2 bread rations
 i - 3 fruits
 s - a meat ration

Dungeon Overview and Level Annotations

Branches:
Dungeon (3/15)

Altars:


Message History

You closely miss the orc priest. You bite the orc priest. You drain its power.
The orc priest is severely wounded.
The orc priest hits you with a flail.
You closely miss the orc priest.
The orc priest is severely wounded.
The orc priest completely misses you. You block the orc priest's attack.
You closely miss the orc priest. You bite the orc priest. You drain its power.
You feel invigorated.
The orc priest is severely wounded.
The orc priest hits you with a flail.
You closely miss the orc priest. Your bite misses the orc priest.
The orc priest is severely wounded.
The orc priest mumbles some strange prayers to Beogh against you.
Something smites you!
You are too injured to fight recklessly!
You are too injured to fight recklessly!
You are too injured to fight recklessly!
You are too injured to fight recklessly!
You are too injured to fight recklessly!
You are too injured to fight recklessly!
You are too injured to fight recklessly!
You are too injured to fight recklessly!
You are too injured to fight recklessly!
You are too injured to fight recklessly!
You are too injured to fight recklessly!
You are too injured to fight recklessly!
You are too injured to fight recklessly!
You are too injured to fight recklessly!
You are too injured to fight recklessly!
You barely miss the orc priest. You bite the orc priest. You drain its power.
You feel invigorated.
The orc priest is almost dead.
The orc priest calls down the wrath of Beogh upon you.
Pain shoots through your body!
You die...

### #<# #@# #o#
#.# #.# #.#
####### #.#
.......
#.#########.......
#.#..o..o.'%.....(
#.#.#######.......


You could see an orc priest.

Action                   |  1- 3 |  4- 6 || total
-------------------------+-------+-------++-------
Melee: Flail             |   166 |    11 ||   177
  Eat: Chunk             |     3 |     1 ||     4

Notes
Turn   | Place    | Note
--------------------------------------------------------------
     0 | D:1      | Duffy the Vine Stalker Fighter began the quest for the Orb.
     0 | D:1      | Reached XP level 1. HP: 11/11 MP: 2/2
    14 | D:1      | Reached skill level 2 in Maces & Flails
    42 | D:1      | Reached XP level 2. HP: 16/16 MP: 3/3
   365 | D:1      | Reached skill level 3 in Maces & Flails
   388 | D:1      | Reached XP level 3. HP: 16/19 MP: 4/4
  2070 | D:3      | Reached skill level 3 in Shields
  2070 | D:3      | Reached XP level 4. HP: 10/23 MP: 5/5
  2120 | D:3      | Killed from afar by an orc priest

Vault maps used:
D:1:      onia_arrival_larder
D:2:      first_bread

Vanquished Creatures
  An orc priest
  A giant gecko
  2 orcs
  7 giant cockroaches
  4 goblins
  7 hobgoblins
  2 jackals
  9 kobolds
  2 quokkas
  7 bats
  7 rats
49 creatures vanquished.
